 Dungeon Crawl Stone Soup version 0.31-a0-187-gba352fbbf7 (webtiles) character file.

Game seed: 14241758415450460303

133 qw the Skirmisher (level 4, -3/25 HPs)
             Began as a Deep Elf Hunter on June 22, 2023.
             Slain by an orc
             ... wielding a +0 mace
              (7 damage)
             ... on level 6 of the Dungeon.
             The game lasted 00:00:52 (2090 turns).

qw the Skirmisher (Deep Elf Hunter)                 Turns: 2090, Time: 00:00:52

Health: -3/25      AC:  3    Str: 10    XL:     4   Next: 93%
Magic:  6/6        EV: 12    Int: 14    God:
Gold:   92         SH:  0    Dex: 18    Spells: 3/3 levels left

rFire   . . .        Y - +0 shortbow
rCold   . . .        (shield currently unavailable)
rNeg    . . .        c - +0 leather armour
rPois   .            (no helmet)
rElec   .            (no cloak)
rCorr   .            (no gloves)
SInv    .            (no boots)
Will    .....        (no amulet)
Stlth   ++           (no ring)
HPRegen 0.24/turn    (no ring)
MPRegen 0.10/turn

%: no passive effects
@: no status effects
A: no striking features
a: no special abilities


You were on level 6 of the Dungeon.
You visited 1 branch of the dungeon, and saw 4 of its levels.

You collected 92 gold pieces.


   Skills:
 - Level 1.5 Fighting
 + Level 8.3 Ranged Weapons
 - Level 2.4 Dodging
 - Level 1.2 Stealth


You had 3 spell levels left.
You didn't know any spells.
Your spell library was empty.

Inventory:

Hand Weapons
 Y - a +0 shortbow (weapon)
Armour
 c - a +0 leather armour (worn)
Scrolls
 a - 2 scrolls of identify
 d - a scroll of blinking {unknown}
 e - a scroll of teleportation {unknown}
Potions
 b - a potion of might {unknown}

Dungeon Overview and Level Annotations

Branches:
Dungeon (3/15)

Altars:
The Shining One

Shops:
D:1 !

Annotations:
D:6 1 runed translucent door, qw's ghost, amateur DEHu


Message History

You shoot an arrow. The arrow hits the orc!
You kill the orc!
An orc priest and 2 orcs come into view.
You shoot an arrow.
The arrow closely misses the orc priest.
You shoot an arrow. The arrow hits the orc priest.
The orc priest is moderately wounded.
You shoot an arrow.
The arrow closely misses the orc priest.
You shoot an arrow. The arrow hits the orc priest.
The orc priest is severely wounded.
You shoot an arrow.
The arrow hits the orc priest but does no damage.
The orc priest is severely wounded.
You shoot an arrow. The arrow barely misses the orc priest.
The orc misses you. The orc priest barely misses you.
The orc hits you with a +0 war axe!
The orc priest looks encouraged for a moment.
The orc misses you. The orc hits you with a +0 mace.
You shoot an arrow. The arrow barely misses the orc priest.
The orc closely misses you. The orc hits you with a +0 war axe.
The orc priest hits you with a +0 hand axe.
You shoot an arrow. The arrow hits the orc priest!
You kill the orc priest!
The orc barely misses you. x2
Your Ranged Weapons skill increases to level 8!
You shoot an arrow. The arrow hits the orc.
The orc is lightly wounded.
The orc hits you with a +0 mace. The orc barely misses you.
You shoot an arrow. The arrow barely misses the orc.
The orc hits you but does no damage. The orc misses you.
You shoot an arrow. The arrow hits the orc!
You kill the orc!
The orc hits you but does no damage.
You shoot an arrow. The arrow hits the orc.
The orc is moderately wounded.
The orc closely misses you.
You shoot an arrow. The arrow barely misses the orc.
The orc hits you with a +0 mace!
You die...

...#......#
...#....!.# r#
..........#~~~#
....$.....#~~W#
.^........#~~~#+#
..........#F~~#.##+#
......o...##+##.....
.?..$))@............
....).).............
..^.................
.........#..........
.........###........
.........# ########.
.........#
.........# .......


You could see an orc.

Vanquished Creatures
  An orc priest (D:6)
  An orc wizard (D:6)
  2 adders (D:2)
  A worm (D:2)
  2 dart slugs (D:1)
  2 orcs (D:6)
  An endoplasm (D:2)
  5 giant cockroaches
  2 goblins
  5 hobgoblins
  3 jackals (D:2)
  4 quokkas
  8 ball pythons
  8 bats
  4 frilled lizards
  2 kobolds
  5 rats (D:1)
56 creatures vanquished.

Notes
Turn   | Place    | Note
-------+----------+-------------------------------------------
     0 | D:1      | qw the Deep Elf Hunter began the quest for the Orb.
     0 | D:1      | Reached XP level 1. HP: 12/12 MP: 3/3
     0 | D:1      | 0 ||| qw: Version: 0.3-a-9-g12657ce
     0 | D:1      | 0 ||| qw: Game counter: 2374
     0 | D:1      | 0 ||| qw: Always use a shield: true
     0 | D:1      | 0 ||| qw: God list: Okawaru
     0 | D:1      | 0 ||| qw: Allow faded altars: false
     0 | D:1      | 0 ||| qw: Do Orc after D:15 true
     0 | D:1      | 0 ||| qw: Do second Lair branch before Depths: true
     0 | D:1      | 0 ||| qw: Lair rune preference: random
     0 | D:1      | 0 ||| qw: Plans: Normal
     0 | D:1      | 0 ||| PLANNING D:1-11
   162 | D:1      | Reached skill level 6 in Ranged Weapons
   162 | D:1      | Reached XP level 2. HP: 13/16 MP: 4/4
   162 | D:1      | 162 ||| FLEEEEING.
   163 | D:1      | 163 ||| FLEEEEING.
   164 | D:1      | 164 ||| FLEEEEING.
   165 | D:1      | 165 ||| FLEEEEING.
   166 | D:1      | 166 ||| FLEEEEING.
   211 | D:1      | Found Zocic's Distillery.
   223 | D:1      | 223 ||| SHOPLISTING potion of curing (42 gold, have 39).
   223 | D:1      | 223 ||| SHOPLISTING potion of haste (140 gold, have 39).
   223 | D:1      | 223 ||| SHOPLISTING potion of heal wounds (70 gold, have
                  | 39).
   223 | D:1      | 223 ||| SHOPLISTING potion of might (56 gold, have 39).
   365 | D:1      | Found a faded altar of an unknown god.
   661 | D:1      | 661 ||| READING 2 scrolls labelled EZOECIVYPHA.
   662 | D:1      | 662 ||| READING 3 scrolls labelled QUT XELEAD.
   691 | D:1      | 691 ||| READING scroll labelled NOTIFE KOKAON.
   692 | D:1      | 692 ||| DROPPING scroll of butterflies.
   693 | D:1      | 693 ||| DROPPING 2 scrolls of torment.
   741 | D:2      | Reached XP level 3. HP: 20/20 MP: 5/5
   880 | D:2      | Found a glowing golden altar of the Shining One.
   916 | D:2      | Reached skill level 7 in Ranged Weapons
  1173 | D:2      | 1173 ||| FLEEEEING.
  1174 | D:2      | 1174 ||| FLEEEEING.
  1175 | D:2      | 1175 ||| FLEEEEING.
  1176 | D:2      | 1176 ||| FLEEEEING.
  1177 | D:2      | 1177 ||| FLEEEEING.
  1178 | D:2      | 1178 ||| FLEEEEING.
  1179 | D:2      | 1179 ||| FLEEEEING.
  1180 | D:2      | 1180 ||| FLEEEEING.
  1181 | D:2      | 1181 ||| FLEEEEING.
  1182 | D:2      | 1182 ||| FLEEEEING.
  1183 | D:2      | 1183 ||| FLEEEEING.
  1593 | D:2      | Reached XP level 4. HP: 25/25 MP: 6/6
  1763 | D:2      | 1763 ||| READING scroll labelled VIOGEGGAZEX.
  1764 | D:2      | 1764 ||| READING scroll labelled RYP OKKUUTAIF.
  1765 | D:2      | 1765 ||| READING 3 scrolls of identify.
  1765 | D:2      | 1765 ||| IDENTIFYING pink potion
  1766 | D:2      | 1766 ||| DROPPING potion of brilliance.
  1768 | D:2      | 1768 ||| Stepping ~*~*~tactically~*~*~ (cloud).
  1771 | D:2      | HP: 6/25 [poisoned by you (poison gas)]
  1776 | D:2      | HP: 2/25 [poisoned by you (poison gas)]
  1914 | D:3      | 1914 ||| STAIRDANCE
  2064 | D:3      | You fall into a shaft and drop 3 floors!
  2064 | D:6      | Found a runed translucent door.
  2067 | D:6      | Noticed a bullfrog
  2067 | D:6      | Noticed qw's ghost (amateur DEHu)
  2086 | D:6      | Reached skill level 8 in Ranged Weapons
  2086 | D:6      | HP: 3/25 [orc/+0 mace (6)]
  2090 | D:6      | Slain by an orc

Levels and vault maps discovered:
D:1:      dpeg_cavernosity, layout_basic, shapermc_ecumenical_altar_petra,
          serial_shops, nicolae_shop_stone
D:2:      layout_basic, basic_altar
D:3:      layout_loops_cross, uniq_pargi, uniq_jessica
D:6:      layout_basic, nicolae_qazlal_general_emergency, okawaru_trees_1,
          mainiacjoe_overflow_big_doors, ebering_ghost_sewer_f, serial_shops,
          nicolae_stop_n_shop_2, minmay_holes, grunt_ministairs_5, uniq_maggie

Skill      XL: |  1  2  3  4 |
---------------+-------------+-----
Ranged Weapons | 6 7 8 |  8.3
Fighting       | |  1.5
Dodging        | |  2.4
Stealth        | |  1.2

Action                     |  1- 3 |  4- 6 || total
---------------------------+-------+-------++-------
   Fire: Shortbow          |   127 |    40 ||   167
    Use: Scroll            |     3 |     3 ||     6
 Armour: Leather armour    |    24 |     2 ||    26
  Dodge: Dodged            |    39 |    17 ||    56

Table legend:
 A = Non-vault XP
 B = Vault XP
 C = Vault XP percentage of total XP
 D = Non-vault monster count
 E = Vault monster count
 F = Vault count percentage of total count
                 A         B        C        D         E       F
            +---------+---------+-------+---------+---------+-------
      Total |     185 |       5 |   2.6 |      52 |       4 |   7.1
            +---------+---------+-------+---------+---------+-------
        D:1 |      35 |       5 |  12.5 |      23 |       4 |  14.8
        D:2 |      66 |       0 |   0.0 |      23 |       0 |   0.0
        D:3 |       4 |       0 |   0.0 |       2 |       0 |   0.0
        D:6 |      80 |       0 |   0.0 |       4 |       0 |   0.0
            +---------+---------+-------+---------+---------+-------
